 Dungeon Crawl Stone Soup version 0.22-a0-40-g3d2f077 (webtiles) character file.

679 gmonis the Spear-Bearer (level 7, -1/57 HPs)
             Began as a Grey Draconian Berserker on Jan 3, 2018.
             Was a Believer of Trog.
             Killed by divine providence
             ... invoked by an orc priest
              (14 damage)
             ... on level 4 of the Dungeon on Jan 4, 2018.
             The game lasted 00:12:25 (3319 turns).

gmonis the Spear-Bearer (Grey Draconian Berserker)  Turns: 3319, Time: 00:12:28

Health: -1/57      AC: 11    Str: 21    XL:     7   Next: 34%
Magic:  16/16      EV: 12    Int:  8    God:    Trog [**....]
Gold:   182        SH:  0    Dex: 10    Spells: 6/6 levels left

rFire    . . .     SeeInvis .   a - +0 spear
rCold    . . .     Gourm    .   (no shield)
rNeg     . . .     Faith    .   (armour unavailable)
rPois    .         Spirit   .   (helmet restricted)
rElec    .         Reflect  .   (no cloak)
rCorr    .         Harm     .   (no gloves)
MR       .....                  (no boots)
Stlth    +.........             j - amulet of rage
HPRegen  0.19/turn              l - ring of magical power
MPRegen  0.15/turn              (no ring)

@: no status effects
A: walk through water, unfitting armour, unbreathing, cold-blooded, AC +11
a: Berserk, Trog's Hand, Burn Spellbooks, Renounce Religion, Evoke Berserk Rage


You were on level 4 of the Dungeon.
You worshipped Trog.
Trog was pleased with you.
You were near starving.

You visited 2 branches of the dungeon, and saw 5 of its levels.

You collected 182 gold pieces.

Inventory:

Hand Weapons
 a - a +0 spear (weapon)
 k - a +0 hunting sling
Missiles
 p - 121 stones (quivered)
 v - 28 sling bullets
Jewellery
 j - an amulet of rage (around neck)
 l - a ring of magical power (left hand)
 s - an uncursed amulet of guardian spirit {unknown}
Wands
 u - a wand of flame (22)
Scrolls
 c - 2 scrolls of remove curse {unknown}
 d - a scroll of fear {unknown}
 e - a scroll of enchant weapon {unknown}
 h - a scroll of immolation {unknown}
 m - 3 scrolls of teleportation {unknown}
 n - 3 scrolls of identify {unknown}
 r - a scroll of amnesia {unknown}
Potions
 f - a potion of haste {unknown}
 g - a potion of heal wounds
 i - 2 potions of might {unknown}
 o - 2 potions of flight {unknown}
 q - 2 potions of brilliance {unknown}
 t - a potion of magic {unknown}
Comestibles
 b - 5 rations


   Skills:
 - Level 3.5 Fighting
 + Level 8.5 Polearms
 - Level 2.8 Dodging


You had 6 spell levels left.
You didn't know any spells.

Dungeon Overview and Level Annotations

Branches:
Dungeon (4/15)             Temple (1/1) D:4

Altars:
Ashenzari
Cheibriados
Gozag
Hepliaklqana
Kikubaaqudgha
Makhleb
Nemelex Xobeh
Qazlal
Sif Muna
Uskayaw
Vehumet
Wu Jian
Xom
Yredelemnul
Zin
The Shining One

Shops:
D:4 =


Innate Abilities, Weirdness & Mutations

You can walk through water.
Your dull iron-grey scales are very hard. (AC +11)
You cannot fit into any form of body armour.
You can survive without breathing.
You are cold-blooded and may be slowed by cold attacks.


Message History

The orc priest looks braver for a moment.
The orc priest hits you but does no damage.
You hit the orc priest.
The orc priest is severely wounded.
You hit the orc priest but do no damage.
Your tail-slap misses the orc priest.
The orc priest is severely wounded.
The orc priest hits you with a flail.
* * * LOW HITPOINT WARNING * * *
The orc priest closely misses you.
You barely miss the orc priest.
Your tail-slap misses the orc priest.
The orc priest is severely wounded.
The orc priest hits you but does no damage.
You hit the orc priest.
You kill the orc priest!
Trog accepts your kill.
The orc priest looks braver for a moment.
The orc priest invokes the aid of Beogh against you.
Beogh smites you!
You die...

#. ### #. ##.## ##.
##...##### ##..
#........## #...
##........# #o.
#..###...#
##.###.#####..###...#
.......)oo)@..##....#
####
##.###.#####..##..#.#
#... #+ #......#.#
#[## ##.......# #.#
####.#### #<# ##.##
#.# ####...#######.##
+................
####...##########


You could see 2 orc priests.

Vanquished Creatures
  Grinder (D:4)
  Sigmund (D:2)
  Duvessa (D:3)
  A scorpion (D:4)
  Dowan (D:4)
  An orc priest (D:4)
  Jessica (D:2)
  Terence (D:2)
  An adder (D:2)
  2 oozes (D:3)
  2 leopard geckos
  4 orcs
  5 bats
  A giant cockroach (D:1)
  4 hobgoblins
  2 jackals (D:1)
  5 frilled lizards
  2 goblins
  3 kobolds
  5 rats
44 creatures vanquished.

Notes
Turn   | Place    | Note
-------+----------+-------------------------------------------
     0 | D:1      | gmonis the Draconian Berserker began the quest for the Orb.
     0 | D:1      | Reached XP level 1. HP: 19/19 MP: 1/1
   429 | D:1      | Reached XP level 2. HP: 21/26 MP: 2/2
   955 | D:2      | Found a shattered altar of Ashenzari.
  1065 | D:2      | Noticed Terence
  1077 | D:2      | Killed Terence
  1077 | D:2      | Reached skill level 4 in Polearms
  1077 | D:2      | Reached XP level 3. HP: 31/31 MP: 3/3
  1087 | D:2      | Found a hide-covered altar of Uskayaw.
  1169 | D:2      | Noticed Jessica
  1190 | D:2      | Killed Jessica
  1190 | D:2      | Reached XP level 4. HP: 12/38 MP: 4/4
  1203 | D:2      | Noticed Sigmund
  1213 | D:2      | Killed Sigmund
  1213 | D:2      | Reached skill level 6 in Polearms
  1213 | D:2      | Reached XP level 5. HP: 26/45 MP: 5/5
  1750 | D:3      | Reached ** piety under Trog
  2170 | D:3      | Found a glowing silver altar of Zin.
  2369 | D:4      | Noticed Dowan
  2371 | D:4      | Noticed Duvessa
  2386 | D:4      | Killed Dowan
  2386 | D:4      | Reached XP level 6. HP: 46/51 MP: 6/6
  2397 | D:4      | Noticed Grinder
  2529 | D:3      | Killed Duvessa
  2529 | D:3      | Reached skill level 7 in Polearms
  2585 | D:4      | Paralysed by Grinder for 2 turns
  2597 | D:4      | Paralysed by Grinder for 2 turns
  2608 | D:4      | Killed Grinder
  2608 | D:4      | Reached skill level 8 in Polearms
  2608 | D:4      | Your scales start taking on a dull iron-grey colour.
  2608 | D:4      | Reached XP level 7. HP: 41/57 MP: 7/7
  2608 | D:4      | Gained mutation: You can survive without breathing. [Grey Draconian growth]
  2694 | D:4      | Found a staircase to the Ecumenical Temple.
  2701 | Temple   | Entered the Ecumenical Temple
  2912 | Temple   | Upgraded the game from 0.22-a0-32-ga749362 to 0.22-a0-40-g3d2f077
  2944 | D:4      | Found Nisieg's Jewellery Shop.
  3319 | D:4      | Killed from afar by an orc priest

Vault maps used:
D:1:      dpeg_arrival_arbitrary_b, minmay_tetromino_s2
D:2:      nicolae_ashenzari_panopticon, lemuel_crystal_altar, first_ration,
          uniq_terence, uniq_sigmund, uniq_jessica
D:3:      old_standard_altar
D:4:      kennysheep_slugbush, minmay_temple_entry_statues_fountains,
          serial_shops, nicolae_shop_statue_plus, uniq_duvessa, uniq_grinder
Temple:   oiseaux_autumnal_temple

Skill      XL: |  1  2  3  4  5  6 |
---------------+-------------------+-----
Polearms       | 4 6 8 |  8.5
Fighting       | |  3.5
Dodging        | |  2.8

Action                   |  1- 3 |  4- 6 |  7- 9 || total
-------------------------+-------+-------+-------++-------
Melee: Spear             |    79 |   126 |    44 ||   249
       Tailslap          |     6 |    12 |     3 ||    21
Invok: Berserk           |     1 |     3 |       ||     4
       Trog's Hand       |       |     1 |       ||     1
  Use: Potion            |       |       |     1 ||     1
  Eat: Chunk             |     1 |     6 |       ||     7
       Ration            |       |     1 |       ||     1
Armor: Skin              |    28 |    40 |    14 ||    82
Dodge: Dodged            |    51 |    89 |    15 ||   155

Table legend:
 A = Spawn XP
 B = Non-spawn XP
 C = Spawn XP percentage of total XP
 D = Spawn monster count
 E = Non-spawn monster count
 F = Spawn count percentage of total count
 G = Total turns spent on level
                    A         B        C        D         E        F      G
               +---------+---------+-------+---------+---------+-------+---------
         Total |       0 |     970 |   0.0 |       0 |      44 |   0.0 |  3319
               +---------+---------+-------+---------+---------+-------+---------
           D:1 |       0 |      21 |   0.0 |       0 |      13 |   0.0 |   919
           D:2 |       0 |     326 |   0.0 |       0 |      11 |   0.0 |   819
           D:3 |       0 |     175 |   0.0 |       0 |      14 |   0.0 |   801
           D:4 |       0 |     448 |   0.0 |       0 |       6 |   0.0 |   539
               +---------+---------+-------+---------+---------+-------+---------
